 Dungeon Crawl Stone Soup version 0.28.0-53-g5a82cb258f (webtiles) character file.

Game seed: 17307214938978560968

4756 Sin92 the Cleaver (level 10, -27/79 HPs)
             Began as a Demonspawn Fighter on June 8, 2022.
             Was a High Priest of Okawaru.
             Killed from afar by a fire dragon (57 damage)
             ... with a blast of flame
             ... on level 9 of the Dungeon on June 9, 2022.
             The game lasted 00:16:29 (10960 turns).

Sin92 the Cleaver (Demonspawn Fighter)             Turns: 10960, Time: 00:16:29

Health: -27/79     AC: 18    Str: 20    XL:     10   Next: 23%
Magic:  10/10      EV:  6    Int: 10    God:    Okawaru [*****.]
Gold:   177        SH:  5    Dex: 13    Spells: 9/9 levels left

rFire   . . .      SeeInvis .   A - +3 broad axe (vamp)
rCold   . . .      Faith    .   c - +0 buckler
rNeg    + . .      Spirit   .   t - +1 plate armour
rPois   .          Reflect  .   (helmet restricted)
rElec   .          Harm     .   C - +2 cloak
rCorr   +          Rampage  .   g - +0 pair of gloves
Will    .....                   (no boots)
Stlth   ..........              (no amulet)
HPRegen 0.23/turn               j - ring of resist corrosion
MPRegen 0.24/turn               m - ring of positive energy

@: mighty
A: antennae 1, ignite blood 2, magic regeneration, demonic touch 1
a: Renounce Religion, Heroism, Finesse, Duel


You were on level 9 of the Dungeon.
You worshipped Okawaru.
Okawaru was extremely pleased with you.
You visited 1 branch of the dungeon, and saw 9 of its levels.
You also visited: Sewer and Ossuary.

You collected 496 gold pieces.
You spent 319 gold pieces at shops.

Inventory:

Hand Weapons
 a - a +1 war axe of freezing
 s - a +0 whip of venom
 A - a +3 vampiric broad axe (weapon)
Missiles
 f - 2 throwing nets (quivered)
Armour
 b - a +1 scale mail
 c - a +0 buckler (worn)
 g - a +0 pair of gloves (worn)
 k - a +0 cloak
 t - a +1 plate armour (worn)
 v - a +0 cloak
 C - a +2 cloak (worn)
Jewellery
 j - a ring of resist corrosion (left hand)
 m - a ring of positive energy (right hand)
Wands
 q - a wand of flame (14)
 B - a wand of acid (14)
Scrolls
 i - a scroll of magic mapping
 n - 2 scrolls of teleportation
 y - a scroll of fear
Potions
 d - a potion of might
 e - 2 potions of magic {unknown}
 h - 8 potions of curing
 l - 5 potions of heal wounds
 o - a potion of brilliance
 p - a potion of resistance
 r - 3 potions of haste
 u - a potion of lignification
 w - a potion of mutation {unknown}
 x - 2 potions of ambrosia
 z - 2 potions of attraction {unknown}
 D - a potion of flight {unknown}
 E - a potion of cancellation {unknown}


   Skills:
 + Level 7.4 Fighting
 * Level 9.0 Axes
 + Level 6.7 Armour
 + Level 0.0 Dodging
 + Level 6.7 Shields
 + Level 0.0 Invocations


You had 9 spell levels left.
You didn't know any spells.
Your spell library contained the following spells:

 Spells                   Type           Power      Damage    Failure   Level
 Magic Dart               Conj           0%         1d3       100%        1
 Slow                     Hex            0%         N/A       100%        1
 Corpse Rot               Necr/Air       0%         N/A       100%        2
 Poisonous Vapours        Pois/Air       0%         N/A       100%        2
 Static Discharge         Conj/Air       0%         N/A       100%        2
 Confusing Touch          Hex            0%         N/A       100%        3
 Conjure Flame            Conj/Fire      0%         6-21      100%        3
 Ignite Poison            Fire/Tmut/Pois 0%         N/A       100%        3
 Mephitic Cloud           Conj/Pois/Air  0%         N/A       100%        3
 Vampiric Draining        Necr           0%         2d6       100%        3
 Dispel Undead            Necr           0%         3d6       100%        4
 Hailstorm                Conj/Ice       0%         3d3       100%        4
 Ice Form                 Ice/Tmut       0%         N/A       100%        4
 Sticky Flame             Conj/Fire      0%         2d3       100%        4
 Call Imp                 Summ           Unusable   N/A       N/A         2
 Simulacrum               Ice/Necr       Unusable   N/A       N/A         6

Dungeon Overview and Level Annotations

Branches:
Dungeon (9/15)             Temple (0/1) D:5           Sewer (visited)
Ossuary (visited)
   Lair: D:8-11         Orc: D:9-12

Altars:
Ashenzari
Cheibriados
Dithmenos
Hepliaklqana
Kikubaaqudgha
Okawaru
Ru
Uskayaw
Wu Jian
Xom
The Shining One

Shops:
D:5 ::   D:7 (


Innate Abilities, Weirdness & Mutations

You have a pair of small antennae on your head.
Your demonic aura often causes spilled blood to erupt in flames.
You regenerate magic rapidly.
Your touch may inflict minor irresistible damage on your foes.


Message History

The orc wizard points at you and mumbles some strange words.
You easily resist.
The orc wizard casts a spell at you.
You are confused.
You feel better.
You fail to use your ability.
You fail to use your ability.
The fire dragon bites you but does no damage.
The fire dragon claws you but does no damage.
The fire dragon barely misses you.
You closely miss the fire dragon.
The fire dragon bites you but does no damage.
The fire dragon claws you but does no damage.
The fire dragon tramples you but does no damage.
You feel very mighty all of a sudden. The fire dragon breathes flames at you.
The blast of flame hits you!!
You barely miss the fire dragon. The fire dragon bites you.
The fire dragon claws you but does no damage.
You block the fire dragon's attack. The fire dragon bites you.
The fire dragon claws you.
* * * LOW HITPOINT WARNING * * *
The fire dragon tramples you but does no damage.
You slash the fire dragon!
You feel better.
The fire dragon is lightly wounded.
The fire dragon is engulfed in blazing flames.
The fire dragon bites you but does no damage.
The fire dragon claws you!
* * * LOW HITPOINT WARNING * * *
The fire dragon tramples you.
* * * LOW HITPOINT WARNING * * *
You hold your ground!
Okay, then.
The fire dragon is engulfed in blazing flames.
You feel much better.
The fire dragon is engulfed in blazing flames.
The fire dragon breathes flames at you. The blast of flame hits you!!!
Ouch! That really hurt!
You die...

######.##'##.##
#.# #...#...#..#
#.# ##.#.+...'.##
≈≈≈ #....#...#..#
.....≈≈≈≈≈
#####..#.##+##.###
....≈≈≈≈###
#................#
...≈≈≈8# o
#.###..#.#.#.#.#.#
..≈≈≈.# .. ..#
#........#..)#
$≈≈≈.8# ###
#.[.....####@#
.≈≈o..' #
#.......#
#D##.≈≈o..' #
#.......#
#.°'.≈≈≈.8#
#.......#
####(.≈≈≈.#
######### #..≈≈≈8
#..≈≈≈ #..≈≈ #.$.
##.


You could see a fire dragon (catching breath).

Vanquished Creatures
  Psyche (D:9)
  Grinder (D:6)
  A wyvern (D:9)
  3 yaks (D:9)
  An acid dragon (D:7)
  A water moccasin (D:6)
  3 orc warriors
  A black bear (D:5)
  An ice beast (D:5)
  2 sky beasts
  A necrophage (D:5)
  4 centaurs
  2 ogres
  A phantom (D:4)
  2 kobold brigands (Sewer)
  3 elf zombies (Ossuary)
  A bullfrog (D:6)
  A scorpion (D:6)
  A water moccasin zombie (D:6)
  A water moccasin skeleton (D:5)
  6 killer bees (D:9)
  4 wights (D:8)
  3 howler monkeys (D:9)
  3 centaur zombies
  A bullfrog zombie (D:5)
  A jelly (D:8)
  2 hounds
  A human zombie (Ossuary)
  2 orc priests
  3 centaur skeletons
  5 iguanas
  A bullfrog skeleton (D:5)
  A gnoll shaman (D:4)
  3 orc wizards (D:7)
  2 mummies (Ossuary)
  11 adders
  10 gnolls
  A howler monkey skeleton (D:6)
  A river rat (Sewer)
  A shadow imp (D:6)
  A white imp (D:7)
  2 ufetubi
  2 adder zombies (Ossuary)
  4 worms
  6 dart slugs
  10 orcs
  13 endoplasms
  7 giant cockroaches
  5 goblins
  7 hobgoblins
  11 quokkas
  4 ball pythons
  3 bats
  5 frilled lizards
  10 hobgoblin zombies (Ossuary)
  4 jackal zombies (Ossuary)
  8 kobolds
  8 kobold zombies (Ossuary)
  8 orc zombies (Ossuary)
  15 rats
227 creatures vanquished.

Vanquished Creatures (others)
  A plant (D:1)
1 creature vanquished.

Grand Total: 228 creatures vanquished

Notes
Turn   | Place    | Note
-------+----------+-------------------------------------------
     0 | D:1      | Sin92 the Demonspawn Fighter began the quest for the Orb.
     0 | D:1      | Reached XP level 1. HP: 18/18 MP: 1/1
   244 | D:1      | Reached skill level 2 in Axes
   411 | D:1      | Gained mutation: You regenerate magic rapidly. [demonic
                  | ancestry]
   411 | D:1      | Reached XP level 2. HP: 24/24 MP: 2/2
   580 | D:1      | Found a faded altar of an unknown god.
  1239 | D:2      | Gained mutation: Your demonic aura sometimes causes spilled
                  | blood to erupt in flames. [demonic ancestry]
  1239 | D:2      | Reached XP level 3. HP: 27/29 MP: 3/3
  2471 | D:3      | Reached XP level 4. HP: 35/35 MP: 4/4
  2539 | D:3      | Found a shimmering altar of Xom.
  2539 | D:3      | Found an iron altar of Okawaru.
  2544 | D:3      | Found a snail-covered altar of Cheibriados.
  2547 | D:3      | Found a shadowy altar of Dithmenos.
  2548 | D:3      | Found a hazy altar of Hepliaklqana.
  2548 | D:3      | Found an ornate altar of the Wu Jian Council.
  2548 | D:3      | Found a sacrificial altar of Ru.
  2548 | D:3      | Found a hide-covered altar of Uskayaw.
  2549 | D:3      | Found a broken altar of Ashenzari.
  2552 | D:3      | Became a worshipper of Warmaster Okawaru
  2740 | D:3      | Reached skill level 3 in Axes
  3124 | D:4      | Noticed an ogre
  3128 | D:4      | Discovered your monstrous ancestry.
  3128 | D:4      | Gained mutation: Your touch may inflict minor irresistible
                  | damage on your foes. [demonic ancestry]
  3128 | D:4      | Reached XP level 5. HP: 41/41 MP: 5/5
  3130 | D:4      | Killed an ogre
  3359 | D:4      | Reached * piety under Okawaru
  3464 | D:4      | Noticed a phantom
  3471 | D:4      | Killed a phantom
  3472 | D:4      | Reached skill level 4 in Axes
  3472 | D:4      | Gained mutation: You have a pair of small antennae on your
                  | head. [demonic ancestry]
  3472 | D:4      | Reached XP level 6. HP: 47/48 MP: 6/6
  4343 | D:5      | Entered Level 5 of the Dungeon
  4402 | D:5      | Reached XP level 7. HP: 39/55 MP: 7/7
  4419 | D:5      | Reached ** piety under Okawaru
  4721 | D:5      | Reached skill level 5 in Axes
  5259 | D:5      | Found a staircase to the Ecumenical Temple.
  5262 | D:5      | Reached skill level 5 in Fighting
  5265 | D:5      | Reached XP level 8. HP: 54/62 MP: 8/8
  5397 | D:5      | Found Cyidigos's Book Emporium.
  5477 | D:5      | Found Waurovump's Book Emporium.
  5726 | D:6      | Found an ancient bone altar of Kikubaaqudgha.
  5750 | D:6      | Reached skill level 6 in Axes
  5850 | D:6      | Reached *** piety under Okawaru
  5858 | D:6      | Reached skill level 5 in Shields
  6067 | D:6      | Reached skill level 5 in Armour
  6205 | D:6      | Noticed Grinder
  6217 | D:6      | Killed Grinder
  6225 | D:6      | Found a glowing drain.
  6244 | Sewer    | Entered a sewer
  6925 | Sewer    | Reached skill level 7 in Axes
  6925 | Sewer    | Reached XP level 9. HP: 28/69 MP: 9/9
  7811 | D:7      | Found Gykash's Weapon Boutique.
  8079 | D:7      | Found a sand-covered staircase.
  8084 | Ossuary  | Entered an ossuary
  8859 | D:7      | Bought a +3 vampiric broad axe for 319 gold pieces
  9191 | D:8      | Reached **** piety under Okawaru
  9204 | D:8      | Reached skill level 8 in Axes
  9628 | D:8      | You fall into a shaft and drop 1 floor!
  9869 | D:9      | Gained mutation: Your demonic aura often causes spilled
                  | blood to erupt in flames. [demonic ancestry]
  9869 | D:9      | Reached XP level 10. HP: 71/79 MP: 10/10
 10267 | D:9      | Reached ***** piety under Okawaru
 10437 | D:9      | Noticed Psyche
 10450 | D:9      | Killed Psyche
 10725 | D:9      | Reached skill level 9 in Axes
 10939 | D:9      | Noticed a fire dragon
 10960 | D:9      | Killed from afar by a fire dragon

Illustrated notes

Levels and vault maps discovered:
D:1:      dpeg_arrival_castle, layout_loops_ring,
          hellmonk_ecumenical_altar_pennies_from_heaven, serial_bayou_pond_b
D:2:      layout_loops_ring, minmay_fountain_box, minmay_cut_off
D:3:      layout_basic, minitemple, solitary_fountain
D:4:      layout_cave_pods, dk_rats_in_the_wall
D:5:      layout_gridville, minmay_temple_entry_mini_moons, serial_shops, shop,
          nicolae_shop_hallway_stairs, chequers_serial_rivers_marsh
D:6:      layout_cave_pools, mainiacjoe_overflow_surrounded_room,
          portal_sewer_entry_b, minmay_increasing_density, uniq_grinder
D:7:      layout_basic, tso_altar, enter_ossuary_2, serial_shops, shop,
          chequers_serial_rivers_small_a
D:8:      layout_basic, led_sif_pool
D:9:      layout_roguey, minmay_misc_feat_doors, nicolae_sextant,
          kennysheep_island_fort, uniq_psyche

Skill      XL: |  1  2  3  4  5  6  7  8  9 10 |
---------------+-------------------------------+-----
Axes           | 2 3 4 5 7 8 9 |  9.0
Armour         | 3 4 5 6 |  6.7
Shields        | 3 4 5 6 |  6.7
Fighting       | 4 5 6 7 |  7.4

Action                   |  1- 3 |  4- 6 |  7- 9 | 10-12 || total
-------------------------+-------+-------+-------+-------++-------
Melee: War axe           |   112 |    92 |   384 |       ||   588
       Broad axe         |       |       |    82 |    55 ||   137
  Use: Scroll            |     5 |     6 |    10 |     2 ||    23
       Potion            |     1 |     1 |     2 |     5 ||     9
 Stab: Invisible         |       |       |     2 |       ||     2
Armor: Scale mail        |    48 |    53 |    63 |       ||   164
       Plate armour      |       |       |   221 |    66 ||   287
Dodge: Dodged            |    52 |    59 |   111 |    22 ||   244
Block: Buckler           |    20 |    27 |   109 |    22 ||   178
